 Dungeon Crawl Stone Soup version 0.21.1-1-g345015fe64 (webtiles) character file.

948004 Oravi the Conqueror (level 27, -16/248 (249) HPs)
             Began as a Merfolk Transmuter on May 11, 2018.
             Was the Champion of Okawaru.
             Demolished by a Hell Sentinel (34 damage)
             ... summoned by a shadow demon
             ... in Pandemonium on May 14, 2018.
             The game lasted 16:41:15 (106021 turns).

Oravi the Conqueror (Merfolk Transmuter)          Turns: 106021, Time: 16:41:15

HP:   -16/248 (249) AC: 26    Str: 17    XL:     27
MP:   32/58         EV: 38    Int: 39    God:    Okawaru [******]
Gold: 10242         SH: 32    Dex: 27    Spells: 13/70 levels left

rFire    + . .     SeeInvis +   F - +8 trident of the Octopus King {venom, rElec rPois MR+}
rCold    + + +     Gourm    .   w - +2 large shield {reflect}
rNeg     + + +     Faith    .   y - +2 leather armour "Qemohiy" {MR+ Str+3}
rPois    ∞         Spirit   .   X - +2 helmet "Gugeoch" {rC++ Regen+ Dex-3 Slay+2}
rElec    +         Reflect  +   k - +2 cloak of Lugonu's Vengeance {MR- Str+6 Dex+3 Slay+2}
rCorr    .         Harm     .   u - +2 pair of gloves of the Mantidfly {MP+9 Int+4}
MR       +++++     Rnd*Tele +   s - +2 pair of boots "Desapakh" {Int+7}
Stlth    ++++......             V - amulet "Dopeol" {+Rage rElec rF+ Int+4 Dex+3}
HPRegen  0.91/turn              P - ring of Motwao {MR+ Dex+4 SInv Stlth+}
MPRegen  0.36/turn              E - ring "Raaqu" {rF- rC+ rN+++ Dex+4 Stlth-}

@: about to teleport, lich-form, heroism
A: (change form in water), (swift swim), (stealthy swim), large bone plates 1,
thin metallic scales 1, thin skeletal structure 1, blurry vision 1, clever 1,
clumsy 1, fire resistance 1, screaming 1, teleportitis 1, weak 2
}: 5/15 runes: decaying, slimy, silver, icy, gossamer
a: End Transformation, Heroism, Finesse, Renounce Religion, Evoke Berserk Rage


You were in Pandemonium.
You worshipped Okawaru.
Okawaru was exalted by your worship.
You were not hungry.
You were a lich.
You visited 15 branches of the dungeon, and saw 69 of its levels.
You visited Pandemonium 1 time, and saw 3 of its levels.
You visited the Abyss 3 times.
You visited 2 bazaars.
You also visited: Trove, Sewer, Bailey, Ice Cave and Wizlab.

You collected 11657 gold pieces.
You spent 1415 gold pieces at shops.

Inventory:

Hand Weapons
 h - a +2 bardiche of flaming
 j - a +3 demon trident of draining
 l - a +0 demon trident of flaming
 t - a +2 bardiche of venom
 B - a +2 demon trident of flaming
 C - a +0 demon trident
 F - the +8 trident of the Octopus King (weapon) {venom, rElec rPois MR+}
   (You found it on level 4 of the Depths)

   It poisons the flesh of those it strikes.
   It insulates you from electricity.
   It protects you from poison.
   It affects your resistance to hostile enchantments.
 U - the +4 glaive of Gutytsoa {flame, -Tele MR+ Int+4, unknown}
   (You found it on level 7 of Cocytus)

   It has been specially enchanted to burn those struck by it, causing extra
   injury to most foes and up to half again as much damage against particularly
   susceptible opponents.
   Big, fiery blades are also staple armaments of hydra-hunters.
   It affects your intelligence (+4).
   It affects your resistance to hostile enchantments.
   It prevents most forms of teleportation.
 W - a +9 trishula of holy wrath
Missiles
 a - 1623 arrows
Armour
 c - the -3 buckler "Angy" {rF+++ MR+++ Str-2 Dex+2}
   (You found it in a treasure trove)

   It affects your strength (-2).
   It affects your dexterity (+2).
   It renders you almost immune to fire.
   It affects your resistance to hostile enchantments.
 k - the +2 cloak of Lugonu's Vengeance (worn) {MR- Str+6 Dex+3 Slay+2}
   (You found it on level 4 of the Depths)

   It affects your strength (+6).
   It affects your dexterity (+3).
   It affects your accuracy and damage with ranged weapons and melee attacks
   (+2).
   It affects your resistance to hostile enchantments.
 q - the +0 pair of boots of Agoraphobia {rC+ Dex-2 Slay+2}
   (You found it on level 4 of the Dungeon)

   It affects your dexterity (-2).
   It affects your accuracy and damage with ranged weapons and melee attacks
   (+2).
   It protects you from cold.
 s - the +2 pair of boots "Desapakh" (worn) {Int+7}
   (Okawaru gifted it to you on level 7 of Cocytus)

   It affects your intelligence (+7).
 u - the +2 pair of gloves of the Mantidfly (worn) {MP+9 Int+4}
   (You found it in a treasure trove)

   It affects your intelligence (+4).
   It affects your magic capacity (+9).
 w - a +2 large shield of reflection (worn)
 y - the +2 leather armour "Qemohiy" (worn) {MR+ Str+3}
   (You found it on level 6 of the Dungeon)

   It affects your strength (+3).
   It affects your resistance to hostile enchantments.
 G - a +0 pair of boots of flying
 X - the +2 helmet "Gugeoch" (worn) {rC++ Regen+ Dex-3 Slay+2}
   (Okawaru gifted it to you on level 2 of the Orcish Mines)

   It affects your dexterity (-3).
   It affects your accuracy and damage with ranged weapons and melee attacks
   (+2).
   It greatly protects you from cold.
   It increases your rate of regeneration.
 Y - the +5 buckler of Action {rC- rN+++ Str+2}
   (Okawaru gifted it to you in a wizard's laboratory)

   It affects your strength (+2).
   It makes you vulnerable to cold.
   It renders you almost immune to negative energy.
Jewellery
 b - an uncursed ring of resist corrosion
 g - a +6 ring of protection
 m - a +6 ring of dexterity
 E - the ring "Raaqu" (right hand) {rF- rC+ rN+++ Dex+4 Stlth-}
   (You found it on level 5 of the Pits of Slime)

   [ring of dexterity]

   It affects your dexterity (+4).
   It makes you vulnerable to fire.
   It protects you from cold.
   It renders you almost immune to negative energy.
   It makes you less stealthy.
 J - the ring "Zoukkycu" {+Fly rF+ Str+3 Int+4}
   (You acquired it on level 9 of the Dungeon)

   [ring of flight]

   It affects your strength (+3).
   It affects your intelligence (+4).
   It protects you from fire.
   It lets you fly.
 P - the ring of Motwao (left hand) {MR+ Dex+4 SInv Stlth+}
   (You took it off a yaktaur on level 5 of the Vaults)

   [ring of stealth]

   It affects your dexterity (+4).
   It affects your resistance to hostile enchantments.
   It lets you see invisible.
   It makes you more stealthy.
 R - the ring of Ceuliur {rF+ rN+++ AC+3 Dex-2, unknown}
   (You found it in Pandemonium)

   [ring of protection]

   It affects your AC (+3).
   It affects your dexterity (-2).
   It protects you from fire.
   It renders you almost immune to negative energy.
 T - the ring "Byr Ywumi" {rN+ Slay+5 SInv Stlth+}
   (You took it off a vault guard on level 5 of the Vaults)

   [ring of stealth]

   It affects your accuracy and damage with ranged weapons and melee attacks
   (+5).
   It protects you from negative energy.
   It lets you see invisible.
   It makes you more stealthy.
 V - the amulet "Dopeol" (around neck) {+Rage rElec rF+ Int+4 Dex+3}
   (You found it in a wizard's laboratory)

   [amulet of rage]

   It affects your intelligence (+4).
   It affects your dexterity (+3).
   It protects you from fire.
   It insulates you from electricity.
   It lets you go berserk.
Wands
 i - a wand of digging (160)
Scrolls
 f - 24 scrolls of remove curse
 o - a scroll of blinking
 v - 16 scrolls of teleportation
 A - 6 scrolls of fog
 I - 8 scrolls of magic mapping
 Z - 7 scrolls of fear
Potions
 e - 2 potions of cancellation
 n - a potion of flight
 p - 9 potions of agility
 r - 6 potions of berserk rage
 x - a potion of mutation
 z - 5 potions of resistance
 D - 6 potions of ambrosia
 H - 8 potions of brilliance
 K - 8 potions of curing
 L - a potion of heal wounds
 M - 12 potions of haste
 N - 3 potions of invisibility
 O - 3 potions of magic
 Q - 9 potions of might
Books
 S - a book of Beasts

   Spells                             Type                      Level
   a - Summon Butterflies             Summoning                    1
   b - Call Canine Familiar           Summoning                    3
   c - Summon Ice Beast               Ice/Summoning                4
   d - Summon Mana Viper              Hexes/Summoning              5
   e - Summon Hydra                   Summoning                    7
Comestibles
 d - 64 rations


   Skills:
 O Level 27 Fighting
 - Level 23.0(27) Polearms
 - Level 22.0(27) Dodging
 + Level 24.9(27) Shields
 - Level 13.0(18.0) Unarmed Combat
 - Level 22.0 Spellcasting
 - Level 12.0 Charms
 - Level 16.0 Necromancy
 - Level 24.0 Transmutations
 - Level 3.0 Ice Magic
 - Level 15.0 Earth Magic
 - Level 10.0 Poison Magic
 - Level 8.0 Invocations


You had 13 spell levels left.
You knew the following spells:

 Your Spells              Type           Power        Failure   Level  Hunger
a - Statue Form           Tmut/Erth      ########.    1%          6    N/A
b - Sticks to Snakes      Tmut           ########     0%          2    N/A
c - Ice Form              Ice/Tmut       #######.     1%          4    N/A
d - Blade Hands           Tmut           ########..   0%          5    N/A
e - Petrify               Tmut/Erth      ########     0%          4    N/A
f - Regeneration          Chrm/Necr      ########..   0%          3    N/A
g - Lee's Rapid Deconstr  Erth           ########..   1%          5    N/A
h - Alistair's Intoxicat  Tmut/Pois      ########     0%          5    N/A
i - Yara's Violent Unrav  Hex/Tmut       #######...   1%          5    N/A
j - Blink                 Tloc           N/A          1%          2    N/A
k - Passwall              Tmut/Erth      ########..   0%          2    N/A
l - Spectral Weapon       Hex/Chrm       ######..     1%          3    N/A
m - Conjure Flame         Conj/Fire      #####...     1%          3    N/A
n - Necromutation         Tmut/Necr      ########..   1%          8    N/A

Dungeon Overview and Level Annotations

Branches:
Dungeon (15/15)            Temple (1/1) D:5            Lair (6/6) D:8
  Swamp (4/4) Lair:4       Spider (4/4) Lair:2        Slime (5/5) Lair:5
    Orc (2/2) D:10            Elf (3/3) Orc:2        Vaults (5/5) D:14
  Crypt (3/3) Vaults:2       Tomb (3/3) Crypt:3      Depths (5/5) D:15
   Hell (1/1)                 Dis (0/7) Hell            Geh (0/7) Hell
    Coc (7/7) Hell            Tar (0/7) Hell            Zot (5/5) Depths:5

Altars:
Ashenzari
Cheibriados
Dithmenos
Elyvilon
Fedhas
Gozag
Hepliaklqana
Kikubaaqudgha
Makhleb
Nemelex Xobeh
Okawaru
Qazlal
Ru
Sif Muna
Trog
Uskayaw
Vehumet
Wu Jian
Xom
Yredelemnul
Zin
The Shining One
Jiyva
Lugonu

Shops:
D:5 %   D:6 ?*   Orc:1 }   Orc:2 (}*:[   Vaults:1 (   Vaults:3 *   Vaults:4 =*?
Vaults:5 *   Depths:1 *

Portals:
Hell: Depths:1 Depths:2 Depths:3 Depths:4 Depths:5
Abyss: Depths:1 Depths:4 Depths:5
Pandemonium: Depths:3
Ziggurat: Depths:5


Innate Abilities, Weirdness & Mutations

((You revert to your normal form in water.))
((You are very nimble and swift while swimming.))
((You are very stealthy in the water. (Stealth+)))
You are partially covered in large bone plates. (SH +4)
You are partially covered in thin metallic scales. (AC +2)
You have a somewhat thin skeletal structure. (Dex +2, Stealth)
Scrolls take you a little longer to read.
Your mind is acute. (Int +2)
You are clumsy. (Dex -2)
Your flesh is heat resistant. (rF+)
You occasionally shout uncontrollably at your foes.
You are occasionally teleported next to monsters.
You are very weak. (Str -4)


Message History

You hear a shout!
You block the Executioner's attack. x3; The Executioner completely misses you. x3
The Executioner misses you. x2; The Executioner closely misses you.
You hear a shout!
Casting: Lee's Rapid Deconstruction
Confirm with . or Enter, or press ? or * to list all spells.
Aiming: Lee's Rapid Deconstruction
Press: ? - help, Dir - move target cursor The wall shatters!
The blast of rock fragments hits the Executioner.
The Executioner is almost dead.
You hear a shout!
You block the Executioner's attack. x2; The Executioner misses you.
The Executioner hits you.
* * * LOW HITPOINT WARNING * * *
The Executioner hits you but does no damage.
You block the Executioner's attack. The Executioner misses you.
You block the Executioner's attack. The Executioner closely misses you.
The Hell Sentinel hits you!!
You die...

...(..........### #
##.....
.............#####.
##....
..2...........#.#..
.....
.62..........#.....
........2.42..#.#..
.........632.####
..............###
...........3111#
.............L##
....#.....!.###
...##.......#
...#.......[#
..#.........#
#..........
#...........


You could see a Hell Sentinel, a balrug, a green death, 2 Executioners, a gelid
blood saint, a soul eater, a sun demon, a shadow demon and a chaos spawn.

Vanquished Creatures
  Antaeus (Coc:7)
  the Serpent of Hell (Coc:7)
  the Royal Jelly (Slime:5)
  Khufu (Vaults:2)
  Mara (Spider:3)
  The ghost of Kejsarherre the Warrior, a legendary DsGl of Makhleb (Coc:7)
  7 orbs of fire (Zot:5)
  Mennas (Crypt:2)
  4 ancient liches
  Bai Suzhen (Vaults:3)
  10 greater mummies
  Frederick (Vaults:3)
  Margery (Crypt:2)
  Xtahua (Crypt:1)
  4 Killer Klowns
  23 shard shrikes
  13 golden dragons
  6 caustic shrikes
  4 curse toes
  Geryon (Hell)
  10 bone dragons
  Jory (Vaults:3)
  2 Tzitzimimeh (Pan)
  11 liches
  3 electric golems
  A Brimstone Fiend (Pan)
  Jorgrun (Crypt:1)
  The ghost of yann the Warrior, an adept HaWr of Okawaru (Slime:4)
  A Hell Sentinel (Pan)
  25 Orb Guardians (Zot:5)
  16 tentacled monstrosities
  A moon troll (WizLab)
  Rupert (Lair:6)
  14 Ice Fiends
  6 deep elf master archers
  4 titans (Vaults:5)
  28 tentacled starspawn
  10 quicksilver dragons
  23 acid blobs
  2 eldritch tentacles
  5 deep elf blademasters
  Frances (D:12)
  6 ancient champions
  7 death cobs
  4 Executioners
  6 sphinxes
  A tengu reaver (Vaults:5)
  A pandemonium lord (Pan)
  6 thorn hunters
  16 storm dragons
  2 draconian monks
  2 warmongers (Pan)
  11 shadow dragons
  Roxanne (Spider:1)
  14 azure jellies
  7 revenants
  3 draconian knights
  7 deep elf sorcerers
  12 fire giants
  10 ghost moths
  10 frost giants
  3 orc warlords
  Aizul (Swamp:3)
  2 black suns (Pan)
  6 emperor scorpions
  8 cacodemons
  2 draconian shifters
  9 deep elf elementalists
  7 draconian scorchers
  4 draconian stormcallers
  16 vault wardens
  4 balrugs
  A caustic shrike zombie (Hell)
  An iron dragon (Zot:3)
  A curse skull (Vaults:2)
  An angel (Abyss:3)
  20 reapers
  6 draconian annihilators
  21 very ugly things
  2 ghouls
  14 war gargoyles
  The ghost of Oravi the Martial Artist, a journeyman MfTm of Okawaru (Lair:5)
  8 elemental wellsprings
  25 stone giants
  14 ironheart preservers
  A spriggan defender (Depths:2)
  3 blood saints (Pan)
  5 corrupters (Pan)
  Nessos (D:12)
  6 entropy weavers
  2 bennus (Tomb:3)
  8 black draconians
  9 vampire knights
  4 green draconians
  3 deep elf demonologists
  3 lorocyprocas
  9 deep elf annihilators
  7 red draconians
  10 yellow draconians
  Azrael (D:14)
  8 purple draconians
  10 white draconians
  5 spark wasps
  7 green deaths
  9 ettins
  21 blizzard demons
  The ghost of Tegun the Cleaver, a journeyman DsFi of Makhleb (Lair:6)
  13 fire dragons
  4 eidola
  21 mummy priests
  22 yaktaur captains
  4 crystal guardians
  12 deep elf death magi
  12 death oozes (Slime:5)
  7 jiangshi
  Erolcha (D:10)
  Josephine (D:10)
  18 great orbs of eyes
  6 kraken zombies
  13 rakshasas
  33 vault guards
  5 deep elf high priests
  22 hydras
  38 ice dragons
  4 ghost crabs
  A spriggan air mage (Depths:3)
  5 quicksilver dragon skeletons
  36 two-headed ogres
  A catoblepas (Lair:2)
  4 hell beasts
  7 centaur warriors
  11 ogre magi
  The ghost of Mrkan the Anamnesiscian, a novice TrMo of Hepliaklqana (D:8)
  6 death knights
  42 dancing weapons
  9 alligators
  12 death scarabs
  A satyr (Abyss:3)
  5 vampire magi
  5 tengu warriors
  25 thrashing horrors
  9 death yaks
  5 deep troll earth magi
  7 deep troll shamans
  5 orc high priests
  2 spriggan berserkers
  10 hell hogs
  3 titan zombies
  27 hell knights
  13 sun demons
  6 storm dragon zombies
  7 soul eaters
  Urug (D:15)
  32 deep elf knights
  A salamander mystic (Depths:2)
  2 shadow wraiths
  2 iron golems
  83 skeletal warriors
  2 titan skeletons
  A fire crab (Lair:6)
  A fire crab (shapeshifter) (Vaults:2)
  30 deep trolls
  10 sixfirhies
  2 death drakes (shapeshifter)
  13 glowing orange brains
  An orange crystal statue (WizLab)
  8 storm dragon skeletons
  30 wretched stars
  3 unseen horrors (Abyss:3)
  A ghost moth zombie (Abyss:1)
  2 spark wasp zombies
  2 torturous demonspawn (Pan)
  8 spatial maelstroms
  4 golden dragon skeletons
  3 spriggan druids
  18 anaconda zombies
  2 golden dragon zombies
  Pikel (D:5)
  5 wizards
  6 flayed ghosts
  10 swamp dragons
  6 shadow dragon zombies
  A lindwurm (shapeshifter) (Vaults:3)
  6 shadow demons
  18 orc knights
  7 shambling mangroves
  2 kraken simulacra
  9 deep elf archers
  5 harpies
  63 deep elf magi
  39 wolf spiders
  4 tengu zombies
  19 necromancers
  13 ironbrand convokers
  7 anaconda skeletons
  10 phantasmal warriors
  A sphinx zombie (Crypt:1)
  18 orb spiders
  An orb spider (shapeshifter) (Abyss:3)
  A wolf spider zombie (Crypt:3)
  9 cyclopes
  7 stone giant zombies
  54 ugly things
  7 frost giant zombies
  A mana viper (Abyss:2)
  An orc sorcerer (Orc:2)
  A cyclops (shapeshifter) (Depths:5)
  A fire giant zombie (Hell)
  2 shadow dragon skeletons
  4 shining eyes
  20 moths of wrath
  3 salamanders (Depths:2)
  The ghost of Dracia the Basher, a novice GrFi of Okawaru (D:6)
  8 oklob plants
  4 iron dragon zombies
  3 manticores
  2 fire giant skeletons
  8 worldbinders (Abyss:3)
  Maurice (D:8)
  8 ice statues
  3 dire elephant zombies
  9 iron dragon skeletons
  12 vault sentinels
  6 stone giant skeletons
  A water nymph (shapeshifter) (Abyss:3)
  60 large abominations
  3 elephants (Lair:4)
  8 eyes of devastation
  4 titan simulacra (Coc:7)
  10 rust devils
  3 storm dragon simulacra (Coc:7)
  4 frost giant skeletons
  3 black mambas
  32 smoke demons
  A gargoyle (D:11)
  2 torpor snails
  A torpor snail (shapeshifter) (Depths:3)
  4 apocalypse crabs (Abyss:3)
  2 dire elephant skeletons
  7 orange demons
  4 hellions
  19 spiny frogs
  2 kobold demonologists
  3 rime drakes
  A shock serpent skeleton (Coc:7)
  39 yaktaurs
  2 yaktaurs (shapeshifter) (Vaults:1)
  58 freezing wraiths
  4 efreet
  48 ice devils
  7 komodo dragons
  5 tengu conjurers
  11 anaconda simulacra
  A komodo dragon (shapeshifter) (Elf:3)
  20 guardian mummies
  8 red devils
  17 tormentors
  A rime drake (shapeshifter) (Depths:4)
  19 ancient zymes
  9 hellwings
  12 demonic crawlers
  A silent spectre (Abyss:2)
  9 meliai
  7 trolls
  An iron troll skeleton (Crypt:1)
  A golden dragon simulacrum (Coc:2)
  2 shadow dragon simulacra
  2 queen bees
  11 tyrant leeches
  A polar bear (shapeshifter) (Depths:2)
  6 polar bears
  A wolf spider simulacrum (IceCv)
  35 jumping spiders
  42 hornets
  35 raiju
  An ice dragon zombie (Coc:3)
  25 hydra zombies
  A blink frog (shapeshifter) (Vaults:5)
  11 hydra skeletons
  18 alligator zombies
  7 harpy skeletons
  A slime creature (shapeshifter) (Vaults:3)
  A stone giant simulacrum (Vaults:1)
  9 blink frogs
  123 slime creatures
  9 hippogriffs
  A meliai zombie (Crypt:2)
  4 dream sheep
  A spriggan zombie (Hell)
  8 ettin zombies
  13 bog bodies
  A frost giant simulacrum (Coc:3)
  7 fire dragon zombies
  142 flying skulls
  56 redbacks
  A black mamba zombie (Crypt:3)
  18 water elementals
  2 alligator skeletons
  23 spriggans
  3 spriggans (shapeshifter)
  7 air elementals
  7 ettin skeletons
  14 ushabtiu
  A redback (shapeshifter) (Vaults:1)
  3 fire dragon skeletons
  A fire bat (shapeshifter) (Abyss:1)
  2 vampires
  2 ice dragon skeletons
  A tarantella (shapeshifter) (Elf:3)
  5 wyverns
  20 wraiths
  Grum (D:8)
  20 shadows
  18 ynoxinuls
  An elf zombie (Vaults:1)
  3 fire bats (Abyss:3)
  30 tarantellas
  A wyvern (shapeshifter) (Vaults:5)
  A dire elephant simulacrum (Coc:1)
  11 fire elementals
  17 golden eyes
  31 yaks
  A hog (shapeshifter) (Vaults:5)
  5 hungry ghosts
  A yaktaur simulacrum (Vaults:1)
  A black mamba skeleton (Coc:4)
  7 basilisks
  17 chaos spawn
  37 neqoxecs
  An emperor scorpion simulacrum (Abyss:3)
  A merfolk zombie (Crypt:2)
  6 wargs
  37 vampire mosquitoes
  13 spatial vortices
  17 insubstantial wisps
  2 soldier ants
  27 swamp worms
  6 acid dragons
  12 spiny frog zombies
  10 hell hounds
  A two-headed ogre skeleton (Crypt:1)
  A hornet zombie (D:15)
  11 hydra simulacra
  21 water moccasins
  32 orc warriors
  4 porcupines
  A floating eye (shapeshifter) (Depths:2)
  11 swamp drakes
  A merfolk skeleton (Coc:4)
  22 ice beasts
  A human zombie (Vaults:1)
  5 spiny frog skeletons
  4 sky beasts
  6 black bears
  2 black bears (shapeshifter)
  A manticore zombie (Coc:3)
  The ghost of Mrkan the Cudgeler, an amateur MiFi (D:7)
  A black mamba simulacrum (Abyss:3)
  An eye of draining (shapeshifter) (Vaults:5)
  139 starcursed masses
  32 ogres
  3 swamp dragon zombies
  9 eyes of draining
  14 necrophages
  7 phantoms
  5 snapping turtle zombies
  2 snapping turtle skeletons (Coc:7)
  24 boggarts
  15 centaurs
  The ghost of Alannah the Sneak, an amateur DsAs (D:3)
  28 wolves
  A hog zombie (Crypt:1)
  A swamp dragon skeleton (Coc:7)
  7 crocodiles
  63 small abominations
  A yaktaur zombie (Vaults:1)
  A fire crab zombie (Crypt:1)
  2 big kobolds
  A bullfrog (shapeshifter) (Vaults:1)
  4 earth elementals
  A gnoll sergeant (D:11)
  12 bullfrogs
  2 spiny frog simulacra
  A glowing shapeshifter simulacrum (Vaults:1)
  5 human skeletons
  3 wyvern skeletons
  A hornet simulacrum (D:15)
  3 scorpions
  An elephant simulacrum (IceCv)
  50 killer bees
  15 wights
  7 electric eels
  A troll skeleton (Crypt:3)
  2 vampire bats (D:8)
  3 howler monkeys
  3 draconian simulacra (IceCv)
  3 bullfrog zombies
  11 crimson imps
  7 jellies
  5 quasits
  5 centaur zombies
  5 hounds
  11 orc priests
  A bullfrog skeleton (D:10)
  17 orc wizards
  5 centaur skeletons
  An iron imp (Abyss:3)
  2 iguanas
  A basilisk skeleton (Crypt:2)
  2 polar bear simulacra (IceCv)
  15 worker ants
  2 spriggan simulacra (IceCv)
  18 hell rats
  3 troll simulacra (IceCv)
  A killer bee zombie (D:6)
  3 centaur simulacra (IceCv)
  A demigod zombie (Crypt:1)
  A tengu skeleton (Coc:6)
  38 mummies
  A worker ant zombie (Crypt:2)
  10 gnolls
  7 naga simulacra (IceCv)
  2 ogre simulacra (IceCv)
  11 adders
  5 river rats
  3 shadow imps
  70 white imps
  7 ufetubi
  5 oozes
  An adder skeleton (D:6)
  2 adder zombies
  16 worms
  4 dart slugs
  11 leopard geckos
  109 orcs
  8 bats
  2 bat skeletons (D:8)
  3 bat zombies (D:8)
  9 giant cockroaches
  13 goblins
  9 hobgoblins
  7 jackals
  11 kobolds
  5 quokkas
  5 ball pythons
  14 frilled lizards
  2 jackal skeletons
  An orc skeleton (Coc:2)
  A quokka skeleton (D:4)
  A quokka zombie (Crypt:2)
  18 rats
  A crawling corpse (Vaults:5)
  A lurking horror (Abyss:1)
  A plant (Lair:6)
  28 starspawn tentacles
  9 tentacles
4517 creatures vanquished.

Vanquished Creatures (collateral kills)
  An ironheart preserver (Vaults:5)
  A hydra (Lair:4)
  2 wolf spiders (Spider:3)
  A freezing wraith (IceCv)
  A komodo dragon (Lair:2)
  A dream sheep (Lair:3)
  3 redbacks (Spider:3)
  A yak (Lair:6)
  2 basilisks (Lair:2)
  A necrophage (Lair:5)
  A killer bee (Lair:2)
  A hell rat (D:8)
  3 fungi
  A plant (Lair:6)
20 creatures vanquished.

Vanquished Creatures (others)
  An elemental wellspring (Coc:7)
  2 deep elf death magi
  A blizzard demon (Coc:1)
  A yaktaur captain (Vaults:3)
  An ice dragon (Vaults:5)
  A rakshasa (Abyss:2)
  A spriggan air mage (Depths:4)
  A death scarab (Tomb:2)
  A hell hog (Hell)
  2 thrashing horrors (Abyss:3)
  A shadow demon (Pan)
  A deep elf archer (Elf:1)
  A deep elf mage (Elf:1)
  A stone giant skeleton (Tomb:3)
  A fire giant skeleton (Coc:7)
  A yaktaur zombie (Hell)
  A freezing wraith (Abyss:3)
  A spiny frog (Swamp:4)
  A tormentor (Hell)
  A tyrant leech (Swamp:3)
  A slime creature (Vaults:3)
  7 flying skulls
  A tarantella (Spider:2)
  A spriggan (Swamp:2)
  A fire bat (Abyss:3)
  2 fire elementals (Elf:1)
  A neqoxec (Abyss:3)
  A chaos spawn (Abyss:3)
  2 insubstantial wisps (Swamp:2)
  An acid dragon (Zot:3)
  A hell hound (Pan)
  A swamp drake (Swamp:4)
  A centaur (Depths:4)
  2 ogres
  A boggart (Vaults:2)
  A small abomination (Abyss:3)
  A crimson imp (Hell)
  A white imp (Coc:7)
  An ufetubus (Abyss:2)
  A bush (Lair:2)
  3 crawling corpses (Elf:1)
  8 fungi
  32 plants
  104 spectral weapons
  54 starspawn tentacles
  37 tentacles
289 creatures vanquished.

Grand Total: 4826 creatures vanquished

Notes
Turn   | Place    | Note
-------+----------+-------------------------------------------
     0 | D:1      | Oravi the Merfolk Transmuter began the quest for the Orb.
     0 | D:1      | Reached XP level 1. HP: 15/15 MP: 3/3
   171 | D:1      | Reached XP level 2. HP: 21/21 MP: 5/5
   564 | D:1      | Reached XP level 3. HP: 26/26 MP: 4/6
   573 | D:1      | Learned a level 2 spell: Sticks to Snakes
   577 | D:1      | Learned a level 3 spell: Spider Form
  1678 | D:2      | Reached XP level 4. HP: 29/32 MP: 3/7
  1957 | D:2      | Found a stormy altar of Qazlal.
  1959 | D:2      | Found a snail-covered altar of Cheibriados.
  1962 | D:2      | Found a shadowy altar of Dithmenos.
  2103 | D:3      | Reached skill level 2 in Fighting
  2103 | D:3      | Reached XP level 5. HP: 38/38 MP: 4/8
  2548 | D:3      | Found a transporter.
  2603 | D:3      | Noticed Alannah's ghost (amateur DsAs)
  2618 | D:3      | Killed Alannah's ghost
  2618 | D:3      | Reached XP level 6. HP: 37/46 MP: 2/10
  2896 | D:3      | Reached skill level 5 in Transmutations
  2974 | D:3      | Found an ornate altar of the Wu Jian Council.
  3005 | D:3      | Found a transporter.
  3087 | D:3      | Found a faded altar of an unknown god.
  3239 | D:4      | Got a pair of scorched boots
  3242 | D:4      | Identified the +0 pair of boots of Agoraphobia {rC+ Dex-2 Slay+2} (You found it on level 4 of the Dungeon)
  3307 | D:4      | Reached skill level 5 in Unarmed Combat
  3377 | D:4      | Reached skill level 3 in Fighting
  3596 | D:5      | Entered Level 5 of the Dungeon
  3599 | D:5      | Reached XP level 7. HP: 52/52 MP: 7/11
  3601 | D:5      | Found a glowing drain.
  3664 | Sewer    | Entered a sewer
  4295 | D:5      | Reached skill level 5 in Dodging
  4403 | D:5      | Found a sparkling altar of Nemelex Xobeh.
  4444 | D:5      | Found a staircase to the Ecumenical Temple.
  4498 | Temple   | Entered the Ecumenical Temple
  4590 | Temple   | Became a worshipper of Warmaster Okawaru
  4642 | D:5      | Found a stormy altar of Qazlal.
  4718 | D:5      | Reached XP level 8. HP: 56/60 MP: 10/13
  4754 | D:5      | Noticed Pikel
  4767 | D:5      | Killed Pikel
  4767 | D:5      | Reached * piety under Okawaru
  4767 | D:5      | Reached skill level 4 in Fighting
  4825 | D:5      | Found an opulent altar of Gozag.
  5014 | D:5      | Found Esytatol's Food Boutique.
  5025 | D:5      | Learned a level 4 spell: Ice Form
  5031 | D:5      | Learned a level 5 spell: Blade Hands
  5210 | D:6      | Noticed Dracia's ghost (novice GrFi)
  5641 | D:6      | Got a heavily runed leather armour
  5642 | D:6      | Identified the +2 leather armour "Qemohiy" {MR+ Str+3} (You found it on level 6 of the Dungeon)
  5743 | D:6      | Found Qareto's Magic Scroll Shop.
  5751 | D:6      | Reached XP level 9. HP: 66/67 MP: 10/15
  5755 | D:6      | Bought a scroll of identify for 24 gold pieces
  5755 | D:6      | Bought a scroll of identify for 24 gold pieces
  5759 | D:6      | Found Safikij's General Store.
  5908 | D:6      | Killed Dracia's ghost
  5908 | D:6      | Reached skill level 5 in Fighting
  6196 | D:6      | Reached ** piety under Okawaru
  6305 | D:7      | Noticed Mrkan's ghost (amateur MiFi)
  6455 | D:7      | Killed Mrkan's ghost
  6642 | D:7      | Got a transparent bone amulet
  6730 | D:6      | Bought a scroll of identify for 26 gold pieces
  6730 | D:6      | Identified the amulet of the Jester {Regen+ Dex+4} (You found it on level 7 of the Dungeon)
  6813 | D:7      | Found a burning altar of Makhleb.
  6841 | D:7      | Reached skill level 5 in Spellcasting
  7333 | D:8      | Noticed a death yak
  7370 | D:8      | Reached skill level 6 in Fighting
  7370 | D:8      | Reached XP level 10. HP: 16/76 MP: 15/17
  7481 | D:8      | Noticed a death yak
  7482 | D:8      | Noticed a death yak
  7579 | D:7      | Killed a death yak
  7579 | D:7      | Reached *** piety under Okawaru
  7711 | D:7      | HP: 2/76 [death yak (29)]
  7730 | D:7      | Killed a death yak
  7850 | D:8      | Noticed Maurice
  7871 | D:8      | Killed Maurice
  7871 | D:8      | Reached **** piety under Okawaru
  7871 | D:8      | Reached skill level 10 in Unarmed Combat
  8007 | D:8      | Noticed Grum
  8077 | D:8      | Killed Grum
  8191 | D:8      | Noticed Mrkan's ghost (novice TrMo)
  8355 | D:8      | Killed Mrkan's ghost
  8355 | D:8      | Reached skill level 7 in Fighting
  8369 | D:8      | Killed a death yak
  8369 | D:8      | Reached ***** piety under Okawaru
  8369 | D:8      | Reached XP level 11. HP: 82/84 MP: 6/20
  8418 | D:8      | Found a staircase to the Lair.
  8697 | D:8      | Found a sacrificial altar of Ru.
  8964 | D:8      | Found an ancient bone altar of Kikubaaqudgha.
  9198 | D:8      | Identified a scroll of acquirement
  9199 | D:8      | Got a smoking steel ring
  9522 | D:9      | Found a shattered altar of Ashenzari.
  9528 | D:9      | Got a serpentine silver ring
 10181 | D:10     | Entered Level 10 of the Dungeon
 10255 | D:10     | Noticed a two-headed ogre
 10271 | D:10     | Killed a two-headed ogre
 10271 | D:10     | Received a gift from Okawaru
 10271 | D:10     | Reached skill level 10 in Transmutations
 10272 | D:10     | Got a polished plate armour {god gift}
 10292 | D:10     | Noticed Josephine
 10306 | D:10     | Killed Josephine
 10320 | D:10     | Reached skill level 10 in Dodging
 10325 | D:10     | Reached skill level 8 in Fighting
 10480 | D:10     | Found a staircase to the Orcish Mines.
 10824 | D:10     | Noticed Erolcha
 10836 | D:10     | Killed Erolcha
 11266 | D:11     | Noticed a white ugly thing
 11276 | D:10     | Killed a white ugly thing
 11276 | D:10     | Reached XP level 12. HP: 66/94 MP: 18/23
 11552 | D:11     | Reached skill level 9 in Fighting
 12217 | D:11     | Noticed a five-headed hydra
 12442 | D:11     | Killed a seven-headed hydra
 13058 | D:12     | Noticed Frances
 13071 | D:12     | Killed Frances
 13071 | D:12     | Received a gift from Okawaru
 13090 | D:12     | Noticed Nessos
 13113 | D:12     | Killed Nessos
 13281 | D:12     | Reached skill level 10 in Fighting
 13305 | D:12     | Found a portal to a secret trove of treasure.
 13380 | D:12     | Reached ****** piety under Okawaru
 13651 | D:13     | Found a flickering gateway to a bazaar.
 13878 | Bazaar   | Entered a bazaar
 13887 | Bazaar   | Found Aguor's Antique Weapon Emporium.
 13900 | Bazaar   | Found Bejy's Antique Weapon Shoppe.
 13915 | Bazaar   | Found Konoll's Antique Armour Shoppe.
 13926 | Bazaar   | Found Hoedgh's Antique Armour Emporium.
 14083 | D:13     | Reached XP level 13. HP: 73/103 MP: 15/25
 14277 | D:13     | Received a gift from Okawaru
 14293 | D:13     | Identified the ring of Neanug {*Slow rElec AC+3 Str+6} (You acquired it on level 8 of the Dungeon)
 14294 | D:13     | Identified the ring "Zoukkycu" {+Fly rF+ Str+3 Int+4} (You acquired it on level 9 of the Dungeon)
 14701 | D:13     | Reached skill level 11 in Fighting
 15724 | D:14     | Received a gift from Okawaru
 15743 | D:14     | Reached skill level 10 in Spellcasting
 15772 | D:14     | Got slimy ice dragon scales {god gift}
 15783 | D:14     | Identified the +8 ice dragon scales "Okorr" {-Tele +Fly rF- rC++ Int+5 SInv} (Okawaru gifted it to you on level 14 of the Dungeon)
 15788 | D:14     | Noticed Azrael
 15803 | D:14     | Killed Azrael
 16320 | D:14     | Reached skill level 12 in Fighting
 16425 | D:14     | Noticed a vault guard
 16430 | D:14     | Killed a vault guard
 16473 | D:14     | Found a gate to the Vaults.
 16753 | Lair:1   | Entered Level 1 of the Lair of Beasts
 17107 | Lair:1   | Reached XP level 14. HP: 104/115 MP: 24/28
 17716 | Lair:2   | Received a gift from Okawaru
 17759 | Lair:2   | Learned a level 6 spell: Statue Form
 17961 | Lair:2   | Found a hole to the Spider Nest.
 17967 | Lair:2   | Reached skill level 1 in Earth Magic
 18339 | Lair:2   | Reached skill level 5 in Earth Magic
 19315 | Lair:3   | Found a glowing silver altar of Zin.
 19340 | Lair:3   | Received a gift from Okawaru
 19979 | Lair:4   | Found a staircase to the Swamp.
 20100 | Lair:4   | Received a gift from Okawaru
 20998 | Lair:5   | Noticed Oravi's ghost (journeyman MfTm)
 21017 | Lair:5   | Killed Oravi's ghost
 21201 | Lair:5   | Found a staircase to the Slime Pits.
 21309 | Lair:5   | Reached XP level 15. HP: 121/121 MP: 23/29
 21737 | Lair:6   | Entered Level 6 of the Lair of Beasts
 21739 | Lair:6   | Found a frozen archway.
 21781 | IceCv    | Entered an ice cave
 21791 | IceCv    | Reached skill level 1 in Ice Magic
 21943 | IceCv    | Received a gift from Okawaru
 22479 | IceCv    | Found an ancient bone altar of Kikubaaqudgha.
 23575 | Lair:6   | Noticed Tegun's ghost (journeyman DsFi)
 23586 | Lair:6   | Killed Tegun's ghost
 24224 | Lair:2   | Received a gift from Okawaru
 24553 | Lair:6   | Noticed Rupert
 24575 | Lair:6   | Killed Rupert
 25037 | D:8      | Reached skill level 1 in Polearms
 25354 | D:15     | Entered Level 15 of the Dungeon
 25401 | D:15     | Noticed Urug
 25413 | D:15     | Killed Urug
 25642 | D:15     | Reached skill level 5 in Polearms
 25827 | D:15     | Found a staircase to the Depths.
 26263 | Orc:1    | Entered Level 1 of the Orcish Mines
 26446 | Orc:1    | Found Ruowit's Gadget Emporium.
 26541 | Orc:1    | Found a flagged portal.
 26552 | Bailey   | Entered a bailey
 26704 | Bailey   | Reached skill level 1 in Shields
 26704 | Bailey   | Reached XP level 16. HP: 129/129 MP: 28/30
 27209 | Orc:2    | Entered Level 2 of the Orcish Mines
 27387 | Orc:2    | Reached skill level 10 in Polearms
 27396 | Orc:2    | Received a gift from Okawaru
 27397 | Orc:2    | Got a crude helmet {god gift}
 27456 | Orc:2    | Identified the +2 helmet "Gugeoch" {rC++ Regen+ Dex-3 Slay+2} (Okawaru gifted it to you on level 2 of the Orcish Mines)
 27542 | Orc:2    | Found Hiokop's Antique Armour Boutique.
 27597 | Orc:2    | Found a staircase to the Elven Halls.
 27666 | Orc:2    | Found Xoyleg's Book Emporium.
 27679 | Orc:2    | Found Kugolari's General Store.
 27927 | Orc:2    | Found Cuiqi's Antique Weapon Boutique.
 28029 | Orc:2    | Found Pocownih's Gadget Shop.
 28335 | Orc:2    | Bought a book of Party Tricks for 600 gold pieces
 28341 | Orc:2    | Learned a level 5 spell: Alistair's Intoxication
 28362 | Orc:2    | Bought a pitted large shield for 256 gold pieces
 28362 | Orc:2    | Bought a fine robe for 153 gold pieces
 28362 | Orc:2    | Identified the cursed +0 large shield of Youthful Indiscretion {rC- Int+6 Dex+2} (You bought it in a shop on level 2 of the Orcish Mines)
 28363 | Orc:2    | Identified the +1 robe of the Saviour {Str+3} (You bought it in a shop on level 2 of the Orcish Mines)
 28600 | Spider:1 | Entered Level 1 of the Spider Nest
 28972 | Spider:1 | Noticed Roxanne
 29875 | Spider:1 | Killed Roxanne
 29877 | Spider:1 | Identified Roxanne's Tome of Moulding (You took it off Roxanne on level 1 of the Spider Nest)
 29900 | Spider:1 | Learned a level 4 spell: Petrify
 30029 | Spider:2 | Reached skill level 15 in Dodging
 30352 | Spider:2 | Received a gift from Okawaru
 30353 | Spider:2 | Got a bloodstained quarterstaff {god gift}
 30932 | Spider:1 | Reached skill level 13 in Fighting
 31399 | Spider:2 | Reached XP level 17. HP: 136/136 MP: 18/32
 32636 | Spider:3 | Noticed Mara
 32644 | Spider:3 | Noticed Oravi's illusion
 32757 | Spider:3 | Noticed Oravi's illusion
 32942 | Spider:3 | Noticed Oravi's illusion
 33035 | Spider:3 | Noticed Oravi's illusion
 33064 | Spider:3 | Noticed Oravi's illusion
 33092 | Spider:3 | Killed Mara
 33617 | D:12     | You paid a toll of 4 scrolls of blinking to enter a treasure trove
 33618 | Trove    | Entered a treasure trove
 33624 | Trove    | Got a slimy buckler
 33626 | Trove    | Got a crude plate armour
 33634 | Trove    | Found the +2 pair of boots of the Assassin {Detection Stab+ Stlth++}
 33642 | Trove    | Got a polished plate armour
 33648 | Trove    | Got a pair of slimy boots
 33654 | Trove    | Got a pair of faintly humming gloves
 33693 | D:12     | Identified the -3 buckler "Angy" {rF+++ MR+++ Str-2 Dex+2} (You found it in a treasure trove)
 33693 | D:12     | Identified the -3 pair of boots "Gaculon" {SInv} (You found it in a treasure trove)
 33696 | D:12     | Identified the +2 pair of gloves of the Mantidfly {MP+9 Int+4} (You found it in a treasure trove)
 34127 | Swamp:1  | Entered Level 1 of the Swamp
 34204 | Swamp:1  | Received a gift from Okawaru
 34271 | Swamp:1  | Learned a level 3 spell: Regeneration
 34686 | Swamp:1  | Reached skill level 14 in Fighting
 34806 | Swamp:1  | Learned a level 5 spell: Yara's Violent Unravelling
 35214 | Swamp:2  | Reached skill level 1 in Invocations
 35378 | Swamp:2  | Received a gift from Okawaru
 35379 | Swamp:2  | Got a scorched cloak {god gift}
 35390 | Swamp:2  | Identified the +4 cloak "Dagroxt" {*Contam rPois Regen+ Int-4} (Okawaru gifted it to you on level 2 of the Swamp)
 35421 | Swamp:2  | Gained mutation: Your magical capacity is low. (-10% MP) [mutagenic glow]
 35793 | Swamp:2  | Reached XP level 18. HP: 147/147 MP: 25/30
 36263 | Swamp:3  | Noticed Aizul
 36266 | Swamp:2  | Reached skill level 15 in Polearms
 36294 | Swamp:3  | Killed Aizul
 37023 | Swamp:4  | Entered Level 4 of the Swamp
 37283 | Swamp:4  | Received a gift from Okawaru
 37347 | Swamp:4  | Reached skill level 5 in Invocations
 38174 | Swamp:4  | Got a decaying rune of Zot
 38670 | Spider:4 | Entered Level 4 of the Spider Nest
 38770 | Spider:4 | Reached skill level 15 in Fighting
 39336 | Spider:4 | Received a gift from Okawaru
 40109 | Spider:4 | Reached XP level 19. HP: 148/155 MP: 32/32
 40733 | Spider:4 | Got a gossamer rune of Zot
 42108 | Vaults:1 | Entered Level 1 of the Vaults
 42541 | Vaults:1 | Received a gift from Okawaru
 42860 | Vaults:1 | Found Etruot's Weapon Boutique.
 43283 | Vaults:1 | Identified the Reference Book on the Escort and Sinister Rites
 43325 | Vaults:1 | Received a gift from Okawaru
 44346 | Vaults:2 | Reached XP level 20. HP: 155/164 MP: 27/33
 44752 | Vaults:2 | Found a staircase to the Crypt.
 45610 | Vaults:3 | Cast into level 2 of the Abyss (a deep elf sorcerer)
 45660 | Abyss:2  | Found a hazy altar of Hepliaklqana.
 45683 | Abyss:2  | Found a stormy altar of Qazlal.
 45774 | Abyss:2  | Received a gift from Okawaru
 45955 | Vaults:3 | Escaped the Abyss
 46002 | Vaults:3 | Cast into level 2 of the Abyss (a deep elf sorcerer)
 46025 | Abyss:2  | Found a corrupted altar of Lugonu.
 46115 | Vaults:3 | Escaped the Abyss
 47072 | Vaults:3 | Noticed Jory
 47091 | Vaults:3 | Killed Jory
 47357 | Vaults:3 | Received a gift from Okawaru
 47461 | Vaults:3 | Noticed Bai Suzhen
 47475 | Vaults:3 | Killed Bai Suzhen
 47475 | Vaults:3 | Reached skill level 16 in Fighting
 47522 | Vaults:3 | Found Vaqax's General Store.
 47648 | Vaults:3 | Reached XP level 21. HP: 155/171 MP: 34/34
 47694 | Vaults:3 | Noticed Frederick
 47709 | Vaults:3 | Killed Frederick
 47737 | Vaults:3 | Identified the Almanac of Ignition and Combat Magic
 48118 | Vaults:4 | Paralysed by a sphinx for 7 turns
 48240 | Vaults:4 | Found Uteipif's Magic Scroll Shop.
 48624 | Vaults:4 | Received a gift from Okawaru
 48723 | Vaults:4 | Found Zuonetama's Jewellery Shop.
 49154 | Vaults:4 | Found Yjuthrom's Assorted Antiques.
 49738 | D:8      | Learned a level 2 spell: Blink
 49961 | Depths:1 | Entered Level 1 of the Depths
 49961 | Depths:1 | Found a gateway to Hell.
 50035 | Depths:1 | Found Zonaucuwk's Changing Room.
 50150 | Depths:1 | Found a corrupted altar of Lugonu.
 50150 | Depths:1 | Found a one-way gate to the infinite horrors of the Abyss.
 50199 | Depths:1 | Found a snail-covered altar of Cheibriados.
 50506 | Depths:2 | Reached skill level 17 in Fighting
 51288 | Depths:3 | Reached XP level 22. HP: 182/182 MP: 35/36
 51460 | Depths:3 | Got a polished chain mail
 51762 | Depths:3 | Reached skill level 15 in Spellcasting
 51796 | Depths:3 | Found a one-way gate leading to the halls of Pandemonium.
 52306 | Depths:3 | Noticed a caustic shrike
 52308 | Depths:3 | Received a gift from Okawaru
 52313 | Depths:3 | Noticed a golden dragon
 52315 | Depths:3 | Killed a caustic shrike
 52321 | Depths:3 | Killed a golden dragon
 52321 | Depths:3 | Reached skill level 18 in Fighting
 52833 | Depths:4 | Found a magical portal.
 52838 | WizLab   | Entered Lehudib's Moon Base
 53351 | WizLab   | Got an ichor-stained scale mail
 53713 | WizLab   | Paralysed by a great orb of eyes for 5 turns
 53754 | WizLab   | Found a transporter.
 53821 | WizLab   | Gained mutation: You tend to lose your temper in combat. [a cacodemon]
 53921 | WizLab   | Received a gift from Okawaru
 53925 | WizLab   | Reached XP level 23. HP: 192/192 MP: 38/38
 53957 | WizLab   | Got a polished buckler {god gift}
 54210 | WizLab   | Paralysed by accursed screaming for 2 turns
 54338 | WizLab   | Got a warped brass amulet
 54663 | WizLab   | Found a transporter.
 54664 | WizLab   | Found the +10 dark maul {crush}
 54696 | WizLab   | Identified the +5 buckler of Action {rC- rN+++ Str+2} (Okawaru gifted it to you in a wizard's laboratory)
 54704 | WizLab   | Got a twisted trident
 54726 | WizLab   | Identified the +2 trident of the End {distort, rN++ MR+} (You found it in a wizard's laboratory)
 54727 | WizLab   | Identified the amulet "Dopeol" {+Rage rElec rF+ Int+4 Dex+3} (You found it in a wizard's laboratory)
 54775 | WizLab   | Identified Lehudib's Disquisition on the Mutagenic Rocks
 54777 | WizLab   | Identified the +3 scale mail of the Turtledove {+Inv rF+ rN+} (You found it in a wizard's laboratory)
 54928 | Depths:4 | Lost mutation: You tend to lose your temper in combat. [potion of mutation]
 54928 | Depths:4 | Lost mutation: Your magical capacity is low. (-10% MP) [potion of mutation]
 54928 | Depths:4 | Gained mutation: You are partially covered in thin metallic scales. (AC +2) [potion of mutation]
 54928 | Depths:4 | Gained mutation: You tend to lose your temper in combat. [potion of mutation]
 54928 | Depths:4 | Gained mutation: You are clumsy. (Dex -2) [potion of mutation]
 54928 | Depths:4 | Lost mutation: You are clumsy. (Dex -2) [potion of mutation]
 54929 | Depths:4 | Lost mutation: You tend to lose your temper in combat. [potion of mutation]
 54929 | Depths:4 | Gained mutation: Your mind is acute. (Int +2) [potion of mutation]
 54929 | Depths:4 | Gained mutation: You are partially covered in yellow scales. (AC +2) [potion of mutation]
 55830 | Depths:4 | Reached skill level 19 in Fighting
 56031 | Depths:4 | Paralysed by a sphinx for 5 turns
 56062 | Depths:4 | Noticed a golden dragon
 56713 | Depths:4 | Found an iron altar of Okawaru.
 56727 | Depths:4 | Received a gift from Okawaru
 56799 | Depths:4 | Found the +8 trident of the Octopus King {venom, rElec rPois MR+}
 56808 | Depths:4 | Got a translucent cloak
 56810 | Depths:4 | Got a faintly humming buckler
 57013 | Depths:4 | Identified the +0 buckler of Kiebon {+Inv Regen+ Str-4} (You found it on level 4 of the Depths)
 57370 | Vaults:4 | Bought a scroll of identify for 38 gold pieces
 57370 | Vaults:4 | Bought a scroll of identify for 38 gold pieces
 57370 | Vaults:4 | Identified the +2 cloak of Lugonu's Vengeance {MR- Str+6 Dex+3 Slay+2} (You found it on level 4 of the Depths)
 57651 | Depths:5 | Entered Level 5 of the Depths
 57773 | Depths:5 | Found a gate to the Realm of Zot.
 57773 | Depths:5 | Noticed a golden dragon
 57773 | Depths:5 | Noticed a golden dragon
 57786 | Depths:5 | Killed a golden dragon
 57794 | Depths:5 | Killed a golden dragon
 57979 | Depths:5 | Reached skill level 20 in Fighting
 58164 | Depths:5 | Noticed a caustic shrike
 58164 | Depths:5 | Noticed a caustic shrike
 58165 | Depths:5 | Noticed a caustic shrike
 58165 | Depths:5 | Noticed a caustic shrike
 58165 | Depths:5 | Noticed a caustic shrike
 58175 | Depths:5 | Killed a caustic shrike
 58175 | Depths:5 | Received a gift from Okawaru
 58183 | Depths:5 | Killed a caustic shrike
 58187 | Depths:5 | Killed a caustic shrike
 58187 | Depths:5 | Reached XP level 24. HP: 204/204 MP: 36/44
 58191 | Depths:5 | Killed a caustic shrike
 58197 | Depths:5 | Killed a caustic shrike
 58282 | Depths:5 | Found a gateway to a ziggurat.
 58605 | Depths:5 | Got an encrusted halberd {god gift}
 58606 | Depths:5 | Identified the +3 halberd of Domination {vamp, Int+6} (Okawaru gifted it to you on level 5 of the Depths)
 59072 | Elf:1    | Entered Level 1 of the Elven Halls
 59158 | Elf:1    | Reached skill level 1 in Charms
 59321 | Elf:1    | Reached skill level 1 in Poison Magic
 59395 | Elf:1    | Gained mutation: You occasionally shout uncontrollably at your foes. [you]
 59406 | Elf:1    | Received a gift from Okawaru
 59407 | Elf:1    | Got a bronze plate armour {god gift}
 59407 | Elf:1    | Got a translucent leather armour
 59865 | Elf:2    | Reached skill level 5 in Poison Magic
 59875 | Elf:2    | Found a runed gate.
 59875 | Elf:2    | Found a runed gate.
 59875 | Elf:2    | Found a runed gate.
 60663 | Elf:3    | Entered Level 3 of the Elven Halls
 60755 | Elf:3    | Found a flickering gateway to a bazaar.
 60793 | Elf:3    | Reached skill level 10 in Poison Magic
 60916 | Elf:3    | Reached skill level 1 in Necromancy
 60968 | Bazaar   | Entered a bazaar
 60968 | Bazaar   | Found Vovug's Weapon Emporium.
 60968 | Bazaar   | Found Cozor's Food Emporium.
 60969 | Bazaar   | Found Fiack's Food Shoppe.
 60969 | Bazaar   | Found Funtudi's Food Shoppe.
 61406 | Elf:3    | Received a gift from Okawaru
 61419 | Elf:3    | Reached skill level 5 in Charms
 62055 | Elf:2    | Reached XP level 25. HP: 180/212 MP: 32/44
 62136 | Elf:3    | Reached skill level 5 in Necromancy
 63192 | Vaults:4 | Bought a scroll of blinking for 142 gold pieces
 64677 | Vaults:5 | Entered Level 5 of the Vaults
 64694 | Vaults:5 | Received a gift from Okawaru
 64703 | Vaults:5 | Noticed an ancient lich
 64838 | Vaults:5 | Gained mutation: Your magical capacity is low. (-10% MP) [a cacodemon]
 65487 | Vaults:5 | Reached skill level 10 in Charms
 65738 | Vaults:5 | Reached skill level 21 in Fighting
 65980 | Vaults:5 | Found Haische Ekuo's General Store.
 66197 | Vaults:5 | Received a gift from Okawaru
 66263 | Vaults:5 | Reached XP level 26. HP: 222/222 MP: 41/41
 66270 | Vaults:5 | Got a wavering pewter ring
 66454 | Vaults:5 | Got a faintly glowing granite ring
 66583 | Vaults:5 | Killed an ancient lich
 66606 | Vaults:5 | Reached skill level 22 in Fighting
 67189 | Vaults:5 | Identified the ring of Motwao {MR+ Dex+4 SInv Stlth+} (You took it off a yaktaur on level 5 of the Vaults)
 67191 | Vaults:5 | Identified the ring "Byr Ywumi" {rN+ Slay+5 SInv Stlth+} (You took it off a vault guard on level 5 of the Vaults)
 67413 | Vaults:5 | Got a faintly glowing graven amulet
 67418 | Vaults:5 | Identified the amulet of Kefas {rPois Regen+} (You took it off a vault guard on level 5 of the Vaults)
 68404 | Vaults:5 | Got a silver rune of Zot
 68595 | Vaults:5 | Got a pitted plate armour
 68597 | Vaults:5 | Got an ichor-stained ring mail
 68601 | Vaults:5 | Got a pair of faintly glowing boots
 68609 | Vaults:5 | Got a scorched leather armour
 68686 | Vaults:5 | Got a scorched leather armour
 69318 | Vaults:4 | Bought 3 scrolls of identify for 114 gold pieces
 69717 | D:8      | Identified the +0 pair of boots of Gixell {Regen+ Dex-3 Slay+2} (You found it on level 5 of the Vaults)
 69942 | Slime:1  | Entered Level 1 of the Pits of Slime
 69966 | Slime:1  | Gained mutation: Your body sometimes deteriorates upon taking damage. [a shining eye]
 70047 | Slime:1  | Gained mutation: Your magical capacity is very low. (-20% MP) [a shining eye]
 70048 | Slime:1  | Lost mutation: Your mind is acute. (Int +2) [a shining eye]
 70058 | Slime:1  | Received a gift from Okawaru
 70206 | Slime:1  | Reached skill level 5 in Shields
 70911 | Slime:2  | Gained mutation: You are frail. (-10% HP) [a shining eye]
 70923 | Slime:1  | Paralysed by a great orb of eyes for 2 turns
 71042 | Slime:2  | Gained mutation: Your flesh is heat resistant. (rF+) [a shining eye]
 72180 | Slime:4  | Received a gift from Okawaru
 72183 | Slime:4  | Got a smoking shield {god gift}
 72670 | Slime:5  | Entered Level 5 of the Pits of Slime
 72701 | Slime:5  | Gained mutation: You are dopey. (Int -2) [a shining eye]
 73035 | Slime:5  | Reached XP level 27. HP: 209/209 MP: 37/37
 73223 | Slime:4  | Noticed yann's ghost (adept HaWr)
 73350 | Slime:4  | Killed yann's ghost
 73600 | Slime:5  | Noticed the Royal Jelly
 73633 | Slime:5  | Found a viscous altar of Jiyva.
 73801 | Slime:5  | Killed the Royal Jelly
 73801 | Slime:5  | Reached skill level 23 in Fighting
 73801 | Slime:5  | Reached skill level 10 in Shields
 74162 | Slime:5  | Got a twitching bronze ring
 74203 | Slime:5  | Identified Sif Muna's Volume of the Arsonist and Orientation
 74219 | Slime:5  | Identified the Almanac of the Cankerous Entourage
 74279 | Slime:5  | Got a slimy rune of Zot
 74303 | Slime:5  | Identified the +2 shield "Maifog Lost" {Int-5 Dex+4} (Okawaru gifted it to you on level 4 of the Pits of Slime)
 74309 | Slime:5  | Got a sparkling steel ring
 74441 | Slime:5  | Identified the ring "Limaorr" {rF+ Stlth-} (You found it on level 5 of the Pits of Slime)
 74442 | Slime:5  | Identified the ring "Raaqu" {rF- rC+ rN+++ Dex+4 Stlth-} (You found it on level 5 of the Pits of Slime)
 74445 | Slime:5  | Got a twisted chain mail
 74705 | D:8      | Learned a level 5 spell: Lee's Rapid Deconstruction
 74708 | D:8      | Learned a level 2 spell: Passwall
 74712 | D:8      | Lost mutation: You occasionally shout uncontrollably at your foes. [potion of mutation]
 74712 | D:8      | Lost mutation: Your body sometimes deteriorates upon taking damage. [potion of mutation]
 74712 | D:8      | Lost mutation: Your magical capacity is very low. (-20% MP) [potion of mutation]
 74712 | D:8      | Lost mutation: You are dopey. (Int -2) [potion of mutation]
 74712 | D:8      | Gained mutation: Your muscles are strong. (Str +2) [potion of mutation]
 74712 | D:8      | Gained mutation: Your flesh is cold resistant. (rC+) [potion of mutation]
 74732 | D:8      | Learned a level 3 spell: Spectral Weapon
 74741 | D:8      | Learned a level 3 spell: Conjure Flame
 75003 | Zot:1    | Entered Level 1 of the Realm of Zot
 76150 | Zot:2    | Received a gift from Okawaru
 76155 | Zot:2    | Got a polished shield {god gift}
 76257 | Zot:2    | Identified the +3 shield of Okawaru's Benevolence {+Blink rF- rN++ Dex+4} (Okawaru gifted it to you on level 2 of the Realm of Zot)
 78621 | Zot:3    | Received a gift from Okawaru
 79583 | Zot:4    | Received a gift from Okawaru
 79584 | Zot:4    | Got a pair of transparent gloves {god gift}
 80022 | Crypt:1  | Entered Level 1 of the Crypt
 80086 | Crypt:1  | Noticed Jorgrun
 80098 | Crypt:1  | Killed Jorgrun
 80266 | Crypt:1  | Noticed a greater mummy
 80266 | Crypt:1  | Noticed a greater mummy
 80270 | Crypt:1  | Noticed Khufu
 80447 | Crypt:1  | Killed a greater mummy
 80532 | Vaults:2 | Killed a greater mummy
 80631 | Vaults:2 | Killed Khufu
 81403 | Crypt:2  | Noticed Margery
 81419 | Crypt:2  | Noticed Xtahua
 81428 | Crypt:2  | Killed Margery
 81450 | Crypt:1  | Killed Xtahua
 82004 | Crypt:2  | Noticed Mennas
 82020 | Crypt:2  | Killed Mennas
 82020 | Crypt:2  | Reached skill level 24 in Fighting
 82049 | Crypt:2  | Reached skill level 10 in Earth Magic
 82600 | Crypt:3  | Entered Level 3 of the Crypt
 82697 | Crypt:3  | Received a gift from Okawaru
 82718 | Crypt:3  | Reached skill level 15 in Shields
 83315 | D:8      | Identified the +2 pair of gloves of the Scribe {rC+ rCorr MP+9} (Okawaru gifted it to you on level 4 of the Realm of Zot)
 83802 | Crypt:3  | Noticed an ancient lich
 83814 | Crypt:3  | Killed an ancient lich
 83814 | Crypt:3  | Reached skill level 15 in Transmutations
 84072 | Crypt:3  | Received a gift from Okawaru
 84073 | Crypt:3  | Found the +27 Lear's hauberk
 84243 | Crypt:3  | Found an ancient bone altar of Kikubaaqudgha.
 84496 | Crypt:3  | Found a staircase to the Tomb.
 84635 | Tomb:1   | Entered Level 1 of the Tomb of the Ancients
 85062 | Tomb:1   | Noticed a greater mummy
 85070 | Tomb:1   | Killed a greater mummy
 85193 | Tomb:1   | Noticed a greater mummy
 85202 | Tomb:1   | Killed a greater mummy
 85495 | Tomb:1   | Noticed a greater mummy
 85505 | Tomb:1   | Killed a greater mummy
 85808 | Tomb:2   | Noticed a greater mummy
 85810 | Tomb:2   | Noticed a greater mummy
 85812 | Tomb:2   | Noticed a greater mummy
 85813 | Tomb:2   | Noticed a greater mummy
 85815 | Tomb:2   | Noticed a greater mummy
 86361 | Hell     | Entered the Vestibule of Hell
 86379 | Hell     | Noticed Geryon
 86723 | Depths:1 | Received a gift from Okawaru
 86724 | Depths:1 | Got an encrusted hunting sling {god gift}
 87140 | Hell     | Killed Geryon
 87300 | Hell     | Found a gateway to the Iron City of Dis.
 87410 | Hell     | Found a gateway to the decaying netherworld of Tartarus.
 87486 | Hell     | Found a gateway to the ashen valley of Gehenna.
 87557 | Hell     | Found a gateway to the freezing wastes of Cocytus.
 88366 | Tomb:2   | Killed a greater mummy
 88366 | Tomb:2   | Reached skill level 25 in Fighting
 88475 | Tomb:2   | Killed a greater mummy
 88489 | Tomb:2   | Killed a greater mummy
 88527 | Tomb:2   | Killed a greater mummy
 88527 | Tomb:2   | Received a gift from Okawaru
 88581 | Tomb:2   | Killed a greater mummy
 89102 | Tomb:3   | Entered Level 3 of the Tomb of the Ancients
 89126 | Tomb:3   | Noticed a greater mummy
 89136 | Tomb:3   | Noticed an ancient lich
 89137 | Tomb:3   | Noticed a greater mummy
 89138 | Tomb:3   | Noticed an ancient lich
 89141 | Tomb:3   | Noticed an ancient lich
 89167 | Tomb:3   | Noticed a greater mummy
 89170 | Tomb:3   | Noticed a greater mummy
 89731 | Zot:5    | Entered Level 5 of the Realm of Zot
 89872 | Zot:5    | Received a gift from Okawaru
 89893 | Zot:5    | Got an iridescent spear {god gift}
 90036 | Zot:5    | Identified the +7 spear of Xefyad Docso {drain, MR+} (Okawaru gifted it to you on level 5 of the Realm of Zot)
 90228 | Zot:5    | Noticed an orb of fire
 90237 | Zot:5    | Lost mutation: Your muscles are strong. (Str +2) [an orb of fire]
 90244 | Zot:5    | Gained mutation: Scrolls take you a little longer to read. [an orb of fire]
 90246 | Zot:5    | Killed an orb of fire
 90457 | Zot:5    | Noticed an ancient lich
 90462 | Zot:5    | Killed an ancient lich
 90462 | Zot:5    | Received a gift from Okawaru
 90501 | Zot:5    | Noticed an ancient lich
 90514 | Zot:5    | Killed an ancient lich
 90524 | Zot:5    | Noticed an orb of fire
 90525 | Zot:5    | Noticed an orb of fire
 90538 | Zot:5    | Gained mutation: Your body sometimes deteriorates upon taking damage. [an orb of fire]
 90543 | Zot:5    | Gained mutation: You are weak. (Str -2) [an orb of fire]
 90544 | Zot:5    | Killed an orb of fire
 90550 | Zot:5    | Lost mutation: Your flesh is heat resistant. (rF+) [an orb of fire]
 90559 | Zot:5    | Gained mutation: You are dopey. (Int -2) [an orb of fire]
 90560 | Zot:5    | Killed an orb of fire
 90566 | Zot:5    | Noticed an orb of fire
 90591 | Zot:5    | Killed an orb of fire
 90784 | Zot:5    | Noticed an orb of fire
 90796 | Zot:5    | Killed an orb of fire
 90796 | Zot:5    | Received a gift from Okawaru
 90796 | Zot:5    | Reached skill level 26 in Fighting
 90968 | Zot:5    | Noticed an orb of fire
 90979 | Zot:5    | Gained mutation: Your magical capacity is very low. (-20% MP) [an orb of fire]
 90980 | Zot:5    | Gained mutation: You occasionally shout uncontrollably at your foes. [an orb of fire]
 90981 | Zot:5    | Gained mutation: You are clumsy. (Dex -2) [an orb of fire]
 90983 | Zot:5    | Killed an orb of fire
 91041 | Zot:5    | Noticed an orb of fire
 91052 | Zot:5    | Killed an orb of fire
 91086 | Zot:5    | Received a gift from Okawaru
 91719 | D:8      | Lost mutation: Your magical capacity is very low. (-20% MP) [potion of mutation]
 91719 | D:8      | Lost mutation: Your magical capacity is low. (-10% MP) [potion of mutation]
 91719 | D:8      | Lost mutation: Scrolls take you a little longer to read. [potion of mutation]
 91719 | D:8      | Gained mutation: Your flesh is very cold resistant. (rC++) [potion of mutation]
 91719 | D:8      | Gained mutation: Your spells are a little harder to cast, but a little more powerful. [potion of mutation]
 91720 | D:8      | Lost mutation: You are frail. (-10% HP) [potion of mutation]
 91720 | D:8      | Lost mutation: You are dopey. (Int -2) [potion of mutation]
 91720 | D:8      | Gained mutation: You are frail. (-10% HP) [potion of mutation]
 91720 | D:8      | Lost mutation: You are weak. (Str -2) [potion of mutation]
 91721 | D:8      | Lost mutation: Your spells are a little harder to cast, but a little more powerful. [potion of mutation]
 91721 | D:8      | Lost mutation: Your body sometimes deteriorates upon taking damage. [potion of mutation]
 91721 | D:8      | Lost mutation: You are partially covered in yellow scales. (AC +2) [potion of mutation]
 91721 | D:8      | Lost mutation: You are clumsy. (Dex -2) [potion of mutation]
 91721 | D:8      | Gained mutation: Your flesh is heat resistant. (rF+) [potion of mutation]
 91722 | D:8      | Lost mutation: You are frail. (-10% HP) [potion of mutation]
 91722 | D:8      | Lost mutation: You occasionally shout uncontrollably at your foes. [potion of mutation]
 91722 | D:8      | Lost mutation: You are partially covered in thin metallic scales. (AC +2) [potion of mutation]
 91722 | D:8      | Gained mutation: You are partially covered in thin metallic scales. (AC +2) [potion of mutation]
 91722 | D:8      | Gained mutation: You have a somewhat thin skeletal structure. (Dex +2, Stealth) [potion of mutation]
 91722 | D:8      | Gained mutation: Your flesh is almost immune to the effects of cold. (rC+++) [potion of mutation]
 91917 | Depths:1 | Voluntarily entered the Abyss.
 92053 | Abyss:1  | Gained mutation: You are clumsy. (Dex -2) [a neqoxec]
 92151 | Abyss:1  | Found a corrupted altar of Lugonu.
 92883 | Abyss:3  | Reached skill level 27 in Fighting
 92902 | Abyss:3  | Paralysed by accursed screaming for 1 turns
 92950 | Abyss:3  | Paralysed by you for 6 turns
 93070 | Abyss:3  | Received a gift from Okawaru
 93323 | Abyss:3  | Paralysed by accursed screaming for 1 turns
 93399 | Abyss:3  | Gained mutation: You occasionally shout uncontrollably at your foes. [a neqoxec]
 93400 | Abyss:3  | Gained mutation: You are frail. (-10% HP) [a neqoxec]
 93507 | Abyss:3  | Paralysed by accursed screaming for 2 turns
 93514 | Abyss:3  | Paralysed by accursed screaming for 2 turns
 93522 | Abyss:3  | Paralysed by accursed screaming for 2 turns
 93648 | Abyss:3  | Gained mutation: Armour fits poorly on your strangely shaped body. [a neqoxec]
 93685 | Abyss:3  | Gained mutation: Potions are less effective at restoring your health. [a neqoxec]
 93728 | Abyss:3  | Found a corrupted altar of Lugonu.
 93758 | Abyss:3  | Found a corrupted altar of Lugonu.
 93777 | Abyss:3  | Paralysed by accursed screaming for 2 turns
 93812 | Abyss:3  | Paralysed by accursed screaming for 2 turns
 93817 | Abyss:3  | Paralysed by accursed screaming for 2 turns
 93861 | Abyss:3  | Got a brightly glowing wooden ring
 94249 | Abyss:3  | Gained mutation: Scrolls take you a little longer to read. [a neqoxec]
 94407 | Abyss:3  | Received a gift from Okawaru
 94619 | Abyss:3  | Gained mutation: You sometimes yell uncontrollably at your foes. [a neqoxec]
 94759 | Abyss:3  | Reached skill level 15 in Earth Magic
 94798 | Abyss:3  | Learned a level 8 spell: Necromutation
 94897 | Abyss:3  | Found a corrupted altar of Lugonu.
 94917 | Abyss:3  | Paralysed by accursed screaming for 1 turns
 94928 | Abyss:3  | Received a gift from Okawaru
 94929 | Abyss:3  | Got an ancient large shield {god gift}
 94939 | Abyss:3  | Identified the -3 large shield of Kiwkepe {rElec rC- rN+} (Okawaru gifted it to you on level 3 of the Abyss)
 95524 | Depths:1 | Escaped the Abyss
 95801 | D:8      | Lost mutation: Armour fits poorly on your strangely shaped body. [potion of mutation]
 95801 | D:8      | Lost mutation: You have a somewhat thin skeletal structure. (Dex +2, Stealth) [potion of mutation]
 95801 | D:8      | Lost mutation: Your flesh is almost immune to the effects of cold. (rC+++) [potion of mutation]
 95801 | D:8      | Gained mutation: You are partially covered in large bone plates. (SH +4) [potion of mutation]
 95802 | D:8      | Lost mutation: Potions are less effective at restoring your health. [potion of mutation]
 95802 | D:8      | Lost mutation: Scrolls take you a little longer to read. [potion of mutation]
 95802 | D:8      | Lost mutation: Your flesh is very cold resistant. (rC++) [potion of mutation]
 95802 | D:8      | Lost mutation: You are clumsy. (Dex -2) [potion of mutation]
 95802 | D:8      | Gained mutation: You are weak. (Str -2) [potion of mutation]
 95802 | D:8      | Gained mutation: Your mind is acute. (Int +2) [potion of mutation]
 95802 | D:8      | Gained mutation: You have a pair of small horns on your head. [potion of mutation]
 95803 | D:8      | Lost mutation: Your flesh is cold resistant. (rC+) [potion of mutation]
 95803 | D:8      | Lost mutation: You sometimes yell uncontrollably at your foes. [potion of mutation]
 95803 | D:8      | Lost mutation: You are frail. (-10% HP) [potion of mutation]
 95803 | D:8      | Lost mutation: You have a pair of small horns on your head. [potion of mutation]
 95803 | D:8      | Gained mutation: You have a somewhat thin skeletal structure. (Dex +2, Stealth) [potion of mutation]
 95811 | D:8      | Identified the ring "Quirohu" {rC+ MP-9 Str+2 Dex+2} (You found it on level 3 of the Abyss)
 96062 | Coc:1    | Entered Level 1 of Cocytus
 96198 | Coc:1    | Reached skill level 10 in Necromancy
 97112 | Coc:2    | Received a gift from Okawaru
 98940 | Coc:4    | Received a gift from Okawaru
100097 | Coc:5    | Received a gift from Okawaru
100963 | Coc:6    | Received a gift from Okawaru
101237 | Coc:6    | Received a gift from Okawaru
101831 | Coc:7    | Entered Level 7 of Cocytus
102013 | Coc:7    | Noticed the Serpent of Hell
102058 | Coc:7    | Killed the Serpent of Hell
102058 | Coc:7    | Reached skill level 15 in Necromancy
102114 | Coc:7    | Noticed Kejsarherre's ghost (legendary DsGl)
102157 | Coc:7    | Killed Kejsarherre's ghost
102399 | Coc:7    | Received a gift from Okawaru
102400 | Coc:7    | Got a pair of spiked boots {god gift}
102485 | Coc:7    | Noticed Antaeus
102503 | Coc:7    | Killed Antaeus
102818 | Coc:7    | Got an icy rune of Zot
103107 | Coc:7    | Received a gift from Okawaru
103145 | Coc:7    | Found the +8 frozen axe "Frostbite" {freezing cloud, *Noise +Fly rC+}
103183 | Coc:7    | Got a bone glaive
103324 | Hell     | Identified the +2 pair of boots "Desapakh" {Int+7} (Okawaru gifted it to you on level 7 of Cocytus)
103852 | Pan      | Entered Pandemonium
103892 | Pan      | Gained mutation: You are occasionally teleported next to monsters. [a neqoxec]
104050 | Pan      | Found a transporter.
104169 | Pan      | Gained mutation: You are very weak. (Str -4) [a neqoxec]
104314 | Pan      | Gained mutation: Scrolls take you a little longer to read. [a neqoxec]
104446 | Pan      | Found a transporter.
104795 | Pan      | Gained mutation: You are clumsy. (Dex -2) [a cacodemon]
104811 | Pan      | Received a gift from Okawaru
104894 | Pan      | Got a bound brass ring
104909 | Pan      | Got a sparkling lapis lazuli ring
104965 | Pan      | Identified the ring "Biurirph" {rPois MR+} (You found it in Pandemonium)
105092 | Pan      | Found an exit through the horrors of the Abyss.
105488 | Pan      | Noticed Bij Jytt the pandemonium lord
105502 | Pan      | Killed Bij Jytt the pandemonium lord
106021 | Pan      | Demolished by a Hell Sentinel

Skill      XL: |  1  2  3  4  5  6  7  8  9 10 11 12 13 14 15 16 17 18 19 20 21 22 23 24 25 26 27 |
---------------+----------------------------------------------------------------------------------+-----
Transmutations | 3 4 5 6 7 8 9 10 12 14 24 | 24.0
Unarmed Combat | 4 5 6 7 9 10 12 13 | 13.0
Dodging        | 3 4 5 6 7 9 10 12 14 15 16 17 18 20 21 22 | 22.0
Fighting       | 2 3 4 6 7 8 10 12 13 14 15 16 17 18 20 21 22 27 | 27.0
Spellcasting   | 3 4 5 6 7 8 10 11 12 13 14 15 17 18 19 22 | 22.0
Earth Magic    | 7 9 15 | 15.0
Ice Magic      | 3 |  3.0
Polearms       | 8 13 14 16 19 23 | 23.0
Shields        | 1 4 8 24 | 24.9
Invocations    | 3 6 7 8 |  8.0
Charms         | 5 10 12 | 12.0
Poison Magic   | 10 | 10.0
Necromancy     | 4 6 16 | 16.0

Action                   |  1- 3 |  4- 6 |  7- 9 | 10-12 | 13-15 | 16-18 | 19-21 | 22-24 | 25-27 || total
-------------------------+-------+-------+-------+-------+-------+-------+-------+-------+-------++-------
Melee: Unarmed           |   111 |   158 |   315 |   631 |  1158 |  1115 |    90 |    22 |     9 ||  3609
       Punch             |     5 |     1 |     2 |    11 |    66 |    12 |     2 |       |       ||    99
       Headbutt          |    11 |       |       |       |       |       |       |       |       ||    11
       Tailslap          |       |       |       |       |     2 |     1 |       |       |   140 ||   143
       Staff             |       |       |       |       |     8 |       |       |       |       ||     8
       Spear             |       |       |       |       |     4 |  1405 |       |       |       ||  1409
       Bardiche          |       |       |       |       |       |       |  1443 |  1329 |   363 ||  3135
       Trident           |       |       |       |       |       |       |       |   101 |  2093 ||  2194
       Trishula          |       |       |       |       |       |       |       |       |  4516 ||  4516
       Demon trident     |       |       |       |       |       |       |       |       |     6 ||     6
 Cast: Beastly Appendage |     8 |       |       |       |       |       |       |       |       ||     8
       Spider Form       |    10 |    32 |    46 |    64 |    18 |       |       |       |       ||   170
       Sticks to Snakes  |       |     3 |    14 |    26 |    71 |    19 |       |       |     5 ||   138
       Blade Hands       |       |       |       |    17 |    63 |       |     2 |       |       ||    82
       Ice Form          |       |       |       |       |    11 |       |       |       |       ||    11
       Statue Form       |       |       |       |       |    20 |    96 |    74 |    75 |   250 ||   515
       Petrify           |       |       |       |       |       |    95 |    71 |    89 |   100 ||   355
       Alistair's Intoxi |       |       |       |       |       |     2 |    15 |    51 |    63 ||   131
       Regeneration      |       |       |       |       |       |       |     1 |     4 |   133 ||   138
       Yara's Violent Un |       |       |       |       |       |       |     1 |    14 |    17 ||    32
       Blink             |       |       |       |       |       |       |       |     8 |    24 ||    32
       Spectral Weapon   |       |       |       |       |       |       |       |       |   416 ||   416
       Lee's Rapid Decon |       |       |       |       |       |       |       |       |    86 ||    86
       Conjure Flame     |       |       |       |       |       |       |       |       |     9 ||     9
       Necromutation     |       |       |       |       |       |       |       |       |     4 ||     4
       Passwall          |       |       |       |       |       |       |       |       |     1 ||     1
Invok: Heroism           |       |       |     2 |    11 |    22 |    20 |    14 |    17 |    69 ||   155
       Finesse           |       |       |       |       |       |       |     1 |     3 |    12 ||    16
 Abil: End Transformatio |       |       |       |     3 |     5 |     2 |     4 |     1 |     8 ||    23
       Evoke Invisibilit |       |       |       |       |       |     1 |       |       |       ||     1
Evoke: Wand              |       |       |       |     3 |    21 |    10 |     5 |     2 |     6 ||    47
  Use: Scroll            |     5 |     5 |     9 |     5 |    15 |    11 |     6 |    16 |    52 ||   124
       Potion            |       |     1 |       |     3 |     3 |     8 |     2 |     2 |    21 ||    40
 Stab: Sleeping          |     5 |     2 |     4 |    11 |     5 |     3 |     2 |     4 |     7 ||    43
       Distracted        |       |     1 |     2 |     3 |    11 |     4 |     2 |     2 |    92 ||   117
       Petrified         |       |       |       |       |       |   197 |    71 |    43 |    90 ||   401
       Petrifying        |       |       |       |       |       |    21 |    14 |     8 |    18 ||    61
       Paralysed         |       |       |       |       |       |     9 |       |       |       ||     9
       Confused          |       |       |       |       |       |     1 |     1 |    14 |    13 ||    29
  Eat: Chunk             |     4 |    10 |    19 |    25 |    47 |    41 |    32 |    30 |    54 ||   262
       Ration            |       |       |       |     1 |     4 |    13 |     9 |     6 |    37 ||    70
Armor: Robe              |    11 |     4 |       |       |       |    42 |    16 |    23 |    14 ||   110
       Skin              |     1 |     4 |     7 |     3 |   140 |  1148 |   523 |   598 |  1691 ||  4115
       Leather armour    |       |       |       |    18 |    68 |       |       |       |   133 ||   219
Dodge: Dodged            |    75 |   120 |   279 |   633 |  1385 |  4272 |  2332 |  2602 |  9087 || 20785
Block: Buckler           |       |       |       |       |       |   735 |    35 |    18 |  2081 ||  2869
       Large shield      |       |       |       |       |       |       |       |       |  1178 ||  1178
       Reflection        |       |       |       |       |       |       |       |       |    29 ||    29
